 Dungeon Crawl Stone Soup version 0.27.1-4-g1640c2035a (webtiles) character file.

Game seed: 14364141328900381684

107 zeram the Caller (level 4, -2/30 HPs)
             Began as a Merfolk Summoner on Nov 13, 2021.
             Slain by a gnoll (5 damage)
             ... on level 3 of the Dungeon.
             The game lasted 00:06:50 (4723 turns).

zeram the Caller (Merfolk Summoner)                 Turns: 4723, Time: 00:06:50

Health: -2/30      AC:  2    Str:  8    XL:     4   Next: 85%
Magic:  7/7        EV: 13    Int: 15    God:
Gold:   110        SH:  0    Dex: 14    Spells: 2/7 levels left

rFire    . . .     SeeInvis .   b - +0 trident
rCold    . . .     Faith    .   (no shield)
rNeg     . . .     Spirit   .   a - +0 robe
rPois    .         Reflect  .   (no helmet)
rElec    .         Harm     .   (no cloak)
rCorr    .         Rampage  .   (no gloves)
Will     .....                  (no boots)
Stlth    ++........             c - amulet of magic regeneration
HPRegen  0.10/turn              (no ring)
MPRegen  0.35/turn              (no ring)

@: hasted, very quick
A: (nimble swimmer 2), mertail
a: no special abilities


You were on level 3 of the Dungeon.
You visited 1 branch of the dungeon, and saw 3 of its levels.

You collected 110 gold pieces.

Inventory:

Hand Weapons
 b - a +0 trident (weapon)
 f - a +0 spear
Armour
 a - a +0 robe (worn)
Jewellery
 c - an amulet of magic regeneration (around neck)
Scrolls
 d - a scroll of amnesia
Potions
 g - 2 potions of lignification


   Skills:
 - Level 3.0 Polearms
 + Level 4.2 Dodging
 - Level 2.1 Stealth
 - Level 2.0 Spellcasting
 + Level 4.9 Summonings


You had 2 spell levels left.
You knew the following spells:

 Your Spells              Type           Power      Damage    Failure   Level
a - Call Imp              Summ           16%        N/A       4%          2
b - Call Canine Familiar  Summ           16%        N/A       9%          3

Your spell library contained the following spells:

 Spells                   Type           Power      Damage    Failure   Level
 Summon Small Mammal      Summ           64%        N/A       3%          1
 Summon Guardian Golem    Hex/Summ       8%         N/A       24%         3
 Summon Lightning Spire   Summ/Air       8%         N/A       63%         4


Dungeon Overview and Level Annotations

Branches:
Dungeon (3/15)

Altars:
Zin


Innate Abilities, Weirdness & Mutations

((You are quick and stealthy near water. (Stealth+, EV+, Speed+++)))
Your lower body shifts to a powerful aquatic tail in water.


Message History

The gnoll hits you with a +0 club.
You closely miss the gnoll.
The gnoll is heavily wounded.
The gnoll hits you with a +0 club.
You are too injured to fight recklessly!
You are too injured to fight recklessly!
You are too injured to fight recklessly!
You are too injured to fight recklessly!
You are too injured to fight recklessly!
You are too injured to fight recklessly!
You are too injured to fight recklessly!
You are too injured to fight recklessly!
You are too injured to fight recklessly!
You are too injured to fight recklessly!
You are too injured to fight recklessly!
You are too injured to fight recklessly!
You are too injured to fight recklessly!
You are too injured to fight recklessly!
You are too injured to fight recklessly!
You are too injured to fight recklessly!
You are too injured to fight recklessly!
You are too injured to fight recklessly!
You are too injured to fight recklessly!
You are too injured to fight recklessly!
You are too injured to fight recklessly!
Unknown command.
The gnoll shouts!
The gnoll hits you with a +0 flail!
* * * LOW HITPOINT WARNING * * *
You see here a +0 plate armour.
Okay, then.
It was a potion of haste.
You feel yourself speed up. The gnoll closely misses you.
The gnoll throws a throwing net.
The throwing net hits you.
You become entangled in the net!
You see here a throwing net.
You struggle against the net.
You struggle against the net.
You rip the net and break free!
The gnoll hits you with a +0 flail.
You die...

#.###########
#.## #.#####
$#. #g#...#
#.....#
###.g.# ##[##
#..##
##.#g######
#.g@.......
##...####..
###..##
###....#
..#.#.##
#.#.#.#
#.#.#.#
#.#.#.#####
#.#.#.##..


You could see 3 gnolls.

Vanquished Creatures
  An orc wizard (D:3)
  3 adders
  A worm (D:2)
  A dart slug (D:1)
  7 orcs
  4 ball pythons
  4 endoplasms
  A giant cockroach (D:2)
  A goblin (D:1)
  4 hobgoblins
  3 kobolds
  A quokka (D:2)
  3 bats
  4 frilled lizards
  2 rats
40 creatures vanquished.

Vanquished Creatures (collateral kills)
  A ball python (D:1)
  A goblin (D:1)
  A hobgoblin (D:1)
3 creatures vanquished.

Vanquished Creatures (others)
  A plant (D:2)
1 creature vanquished.

Grand Total: 44 creatures vanquished

Notes
Turn   | Place    | Note
-------+----------+-------------------------------------------
     0 | D:1      | zeram the Merfolk Summoner began the quest for the Orb.
     0 | D:1      | Reached XP level 1. HP: 13/13 MP: 3/3
   843 | D:1      | Reached XP level 2. HP: 19/19 MP: 5/5
  1090 | D:1      | Learned a level 2 spell: Call Imp
  1527 | D:2      | Found a faded altar of an unknown god.
  1601 | D:2      | Found a glowing silver altar of Zin.
  1692 | D:2      | Reached XP level 3. HP: 23/24 MP: 6/6
  1757 | D:2      | Reached skill level 1 in Polearms
  2913 | D:3      | Reached XP level 4. HP: 26/30 MP: 7/7
  4324 | D:3      | Learned a level 3 spell: Call Canine Familiar
  4723 | D:3      | Slain by a gnoll

Illustrated notes

Levels and vault maps discovered:
D:1:      dpeg_arrival_rooms_a, layout_loops_cross
D:2:      cheibrodos_old_hovel, layout_rooms,
          ebering_ecumenical_altar_abandoned, basic_altar, minmay_misc_feat_x
D:3:      layout_loops_ring

Skill      XL: |  1  2  3  4 |
---------------+-------------+-----
Dodging        | 3 4 |  4.2
Polearms       | 1 3 |  3.0
Stealth        | |  2.1
Spellcasting   | |  2.0
Summonings     | |  4.9

Action                   |  1- 3 |  4- 6 || total
-------------------------+-------+-------++-------
Melee: Club              |    14 |       ||    14
       Spear             |   108 |       ||   108
       Unarmed           |     8 |       ||     8
       Trident           |    40 |    82 ||   122
 Cast: Summon Small Mamm |     7 |       ||     7
       Call Imp          |       |     1 ||     1
  Use: Scroll            |     3 |       ||     3
       Potion            |     4 |     2 ||     6
 Stab: Sleeping          |     5 |     1 ||     6
       Distracted        |     1 |     1 ||     2
Armor: Robe              |    18 |    11 ||    29
       Skin              |    18 |       ||    18
Dodge: Dodged            |   102 |    86 ||   188
